 Dungeon Crawl Stone Soup version 0.31-a0-180-g519b7de00c (webtiles) character file.

Game seed: 12440355487736433048

231 qw the Shooter (level 6, -2/56 HPs)
             Began as a Naga Hunter on June 19, 2023.
             Slain by a wraith (12 damage)
             ... in an ossuary.
             The game lasted 00:01:06 (2831 turns).

qw the Shooter (Naga Hunter)                        Turns: 2831, Time: 00:01:07

Health: -2/56      AC:  4    Str: 14    XL:     6   Next: 3%
Magic:  6/6        EV:  9    Int:  9    God:
Gold:   170        SH:  0    Dex: 16    Spells: 5/5 levels left

rFire   . . .        Y - +0 shortbow (chaos)
rCold   . . .        (shield currently unavailable)
rNeg    . . .        c - +0 leather armour
rPois   +            (no helmet)
rElec   .            (no cloak)
rCorr   .            e - +0 pair of gloves
SInv    +            (no barding)
Will    .....        (no amulet)
Stlth   ++           (no ring)
HPRegen 0.29/turn    (no ring)
MPRegen 0.10/turn

%: no passive effects
@: slowed, very slow
A: AC +2, large, see invisible, deformed body, poison resistance, slowness 2,
spit poison 1, naga tail 1
a: Spit Poison


You were in an ossuary.
You visited 1 branch of the dungeon, and saw 4 of its levels.
You also visited: Ossuary.

You collected 170 gold pieces.


Innate Abilities, Weirdness & Mutations

Your serpentine skin is tough. (AC +2)
You have supernaturally acute eyesight. (SInv)
Armour fits poorly on your strangely shaped body.
Your system is resistant to poisons. (rPois)
You cover ground very slowly.
You can spit poison.
You have a snake-like lower body.


   Skills:
 + Level 3.1 Fighting
 - Level 6.0 Ranged Weapons
 - Level 1.5 Dodging
 - Level 1.5 Stealth


You had 5 spell levels left.
You didn't know any spells.
Your spell library was empty.

Inventory:

Hand Weapons
 Y - a +0 shortbow of chaos (weapon)
Armour
 c - a +0 leather armour (worn)
 e - a +0 pair of gloves (worn)
Jewellery
 k - a ring of ice
Scrolls
 b - a scroll of identify
 o - a scroll of blinking {unknown}
 q - a scroll of immolation {unknown}
Potions
 a - a potion of ambrosia {unknown}
 d - a potion of lignification {unknown}
 f - a potion of mutation {unknown}
 g - 2 potions of attraction {unknown}
 h - 2 potions of degeneration {unknown}
 i - 2 potions of brilliance {unknown}
 j - a potion of resistance {unknown}
 l - a potion of berserk rage {unknown}
 m - a potion of invisibility {unknown}
 n - a potion of curing {unknown}
 p - a potion of enlightenment {unknown}
 r - a potion of heal wounds {unknown}
 s - a potion of haste {unknown}
 u - a potion of magic {unknown}

Dungeon Overview and Level Annotations

Branches:
Dungeon (4/15)            Ossuary (1/1)
 Temple: D:4-7

Altars:


Message History

HP restored.
You shoot an arrow.
The arrow hits the wraith but does no damage.
The wraith is heavily damaged.
You shoot an arrow.
The arrow hits the wraith but does no damage.
The wraith suddenly seems more agile.
The wraith is heavily damaged.
You shoot an arrow. The arrow hits the wraith.
The wraith is severely damaged.
You shoot an arrow. The arrow misses the wraith.
You shoot an arrow. The arrow misses the wraith.
The wraith hits you!
You shoot an arrow. The arrow misses the wraith.
The wraith completely misses you.
You shoot an arrow.
The arrow hits the wraith but does no damage.
The wraith is severely damaged.
The wraith barely misses you.
You shoot an arrow. The arrow barely misses the wraith.
The wraith hits you but does no damage.
You shoot an arrow. The arrow closely misses the wraith.
The wraith hits you. The wraith drains your vigour!
You feel yourself slow down.
You shoot an arrow. The arrow closely misses the wraith.
The wraith barely misses you. The wraith closely misses you.
You shoot an arrow. The arrow misses the wraith.
The wraith hits you! The wraith drains your vigour!
You feel as though you will be slow longer.
The wraith hits you. The wraith drains your vigour!
You feel as though you will be slow longer.
You shoot an arrow. The arrow hits the wraith.
The arrow burns the wraith.
The wraith is almost destroyed.
The wraith barely misses you. The wraith hits you!
You shoot an arrow. The arrow hits the wraith.
The wraith is almost destroyed.
The wraith hits you! The wraith drains your vigour!
You feel as though you will be slow longer.
You shoot an arrow. The arrow closely misses the wraith.
The wraith hits you!
You die...

..#.'...8...'.#...'.#..'.......#W
..####.....####..####..'...\...#
.......................##.....##
.......#.#.............###...##
.......#'#.......####..# ##.##
...8...#.#...8....'.#..# ###
.......###.......####..# #W#
................W......# ###
..#.#..#.#..#.#.@......#
..#'#..#'#..#'#..####..#
..#.#..#.#..#.#...'.#..#
..###..###..###..####..#
.......................#
.......................#
########################


You could see a wraith (agile).

Vanquished Creatures
  Terence (D:2)
  An iguana (D:4)
  3 mummies (Ossuary)
  6 adders
  A worm (D:4)
  6 dart slugs
  3 orcs (D:3)
  2 endoplasms
  A giant cockroach (D:1)
  5 goblins
  10 hobgoblins
  7 jackals
  3 quokkas
  3 ball pythons
  2 bats (D:2)
  4 frilled lizards
  3 goblin zombies
  3 hobgoblin zombies (Ossuary)
  4 kobolds
  5 kobold zombies (Ossuary)
  A quokka zombie (D:4)
  5 rats
79 creatures vanquished.

Notes
Turn   | Place    | Note
-------+----------+-------------------------------------------
     0 | D:1      | qw the Naga Hunter began the quest for the Orb.
     0 | D:1      | Reached XP level 1. HP: 19/19 MP: 1/1
     0 | D:1      | 0 ||| qw: Version: 0.3-a-7-ge0c9b40
     0 | D:1      | 0 ||| qw: Game counter: 1066
     0 | D:1      | 0 ||| qw: Always use a shield: true
     0 | D:1      | 0 ||| qw: God list: Okawaru
     0 | D:1      | 0 ||| qw: Allow faded altars: false
     0 | D:1      | 0 ||| qw: Do Orc after D:15 true
     0 | D:1      | 0 ||| qw: Do second Lair branch before Depths: true
     0 | D:1      | 0 ||| qw: Lair rune preference: random
     0 | D:1      | 0 ||| qw: Plans: Normal
     0 | D:1      | 0 ||| PLANNING D:1-11
    20 | D:1      | 20 ||| INVOKING Spit Poison.
    26 | D:1      | 26 ||| INVOKING Spit Poison.
    81 | D:1      | 81 ||| INVOKING Spit Poison.
    85 | D:1      | 85 ||| INVOKING Spit Poison.
    89 | D:1      | Reached skill level 4 in Ranged Weapons
    89 | D:1      | Reached XP level 2. HP: 14/26 MP: 2/2
   100 | D:1      | 100 ||| INVOKING Spit Poison.
   162 | D:1      | 162 ||| INVOKING Spit Poison.
   166 | D:1      | 166 ||| INVOKING Spit Poison.
   177 | D:1      | 177 ||| INVOKING Spit Poison.
   182 | D:1      | 182 ||| INVOKING Spit Poison.
   204 | D:1      | 204 ||| FLEEEEING.
   205 | D:1      | 205 ||| FLEEEEING.
   206 | D:1      | 206 ||| FLEEEEING.
   215 | D:1      | 215 ||| INVOKING Spit Poison.
   235 | D:1      | 235 ||| INVOKING Spit Poison.
   255 | D:1      | 255 ||| INVOKING Spit Poison.
   260 | D:1      | Reached XP level 3. HP: 32/32 MP: 3/3
   262 | D:1      | 262 ||| INVOKING Spit Poison.
   354 | D:1      | 354 ||| INVOKING Spit Poison.
   389 | D:1      | 389 ||| INVOKING Spit Poison.
   447 | D:1      | 447 ||| INVOKING Spit Poison.
   535 | D:1      | 535 ||| READING scroll labelled SUDODWEDOA.
   536 | D:1      | 536 ||| READING scroll labelled HOF AVYKKAUWK.
   537 | D:1      | 537 ||| DROPPING scroll of butterflies.
   597 | D:2      | 597 ||| INVOKING Spit Poison.
   715 | D:2      | 715 ||| INVOKING Spit Poison.
   740 | D:2      | 740 ||| INVOKING Spit Poison.
   789 | D:2      | 789 ||| INVOKING Spit Poison.
   810 | D:2      | 810 ||| INVOKING Spit Poison.
   814 | D:2      | 814 ||| INVOKING Spit Poison.
   841 | D:2      | 841 ||| INVOKING Spit Poison.
   922 | D:2      | 922 ||| INVOKING Spit Poison.
   926 | D:2      | 926 ||| INVOKING Spit Poison.
   930 | D:2      | 930 ||| INVOKING Spit Poison.
   949 | D:2      | 949 ||| INVOKING Spit Poison.
   960 | D:2      | Reached skill level 5 in Ranged Weapons
   962 | D:2      | 962 ||| INVOKING Spit Poison.
   964 | D:2      | Reached XP level 4. HP: 36/39 MP: 4/4
   997 | D:2      | 997 ||| INVOKING Spit Poison.
  1248 | D:2      | 1248 ||| INVOKING Spit Poison.
  1415 | D:2      | 1415 ||| UPGRADING to +0 pair of gloves.
  1420 | D:2      | 1420 ||| READING scroll labelled VEJOEK BA ZAC.
  1430 | D:3      | Noticed Terence
  1431 | D:3      | 1431 ||| INVOKING Spit Poison.
  1434 | D:3      | 1434 ||| STAIRDANCE
  1436 | D:2      | 1436 ||| INVOKING Spit Poison.
  1441 | D:2      | 1441 ||| INVOKING Spit Poison.
  1442 | D:2      | Killed Terence
  1519 | D:3      | 1519 ||| STAIRDANCE
  1521 | D:2      | 1521 ||| INVOKING Spit Poison.
  1522 | D:2      | Reached skill level 3 in Fighting
  1554 | D:3      | 1554 ||| INVOKING Spit Poison.
  1559 | D:3      | 1559 ||| INVOKING Spit Poison.
  1562 | D:3      | 1562 ||| INVOKING Spit Poison.
  1565 | D:3      | 1565 ||| INVOKING Spit Poison.
  1572 | D:3      | 1572 ||| INVOKING Spit Poison.
  1575 | D:3      | Reached XP level 5. HP: 26/49 MP: 5/5
  1624 | D:3      | 1624 ||| FLEEEEING.
  1625 | D:3      | 1625 ||| FLEEEEING.
  1626 | D:3      | 1626 ||| FLEEEEING.
  1627 | D:3      | 1627 ||| FLEEEEING.
  1628 | D:3      | 1628 ||| FLEEEEING.
  1630 | D:3      | 1630 ||| STAIRDANCE
  1662 | D:3      | 1662 ||| INVOKING Spit Poison.
  1708 | D:3      | 1708 ||| INVOKING Spit Poison.
  1721 | D:3      | 1721 ||| INVOKING Spit Poison.
  1728 | D:3      | 1728 ||| INVOKING Spit Poison.
  2066 | D:3      | 2066 ||| READING scroll labelled DUTEEZY CAOSS.
  2067 | D:3      | 2067 ||| READING scroll labelled ROUVYX KOLUM.
  2068 | D:3      | 2068 ||| READING scroll labelled SOZOXY EM SEICOE.
  2085 | D:4      | 2085 ||| PLANNING OSSUARY
  2107 | D:4      | 2107 ||| INVOKING Spit Poison.
  2113 | D:4      | 2113 ||| INVOKING Spit Poison.
  2119 | D:4      | 2119 ||| INVOKING Spit Poison.
  2137 | D:4      | 2137 ||| INVOKING Spit Poison.
  2210 | D:4      | Found a sand-covered staircase.
  2247 | Ossuary  | Entered an ossuary
  2247 | Ossuary  | Noticed a wraith
  2247 | Ossuary  | Noticed a wraith
  2247 | Ossuary  | Noticed a wraith
  2511 | Ossuary  | Reached skill level 6 in Ranged Weapons
  2562 | Ossuary  | Reached XP level 6. HP: 52/56 MP: 6/6
  2648 | Ossuary  | Noticed a wraith
  2655 | Ossuary  | HP: 6/56 [wraith (9)]
  2656 | Ossuary  | 2656 ||| READING scroll of teleportation.
  2830 | Ossuary  | HP: 10/56 [wraith (9)]
  2831 | Ossuary  | Slain by a wraith

Levels and vault maps discovered:
D:1:      lightli_molten_gateway, layout_rooms,
          wander_ebering_terrifying_dragon_lair
D:2:      layout_basic
D:3:      layout_rooms, minmay_door_square, minmay_curled_crystal, uniq_terence
D:4:      layout_basic, temple_green, enter_ossuary_4
Ossuary:  ossuary_kennysheep_city_of_the_dead

Skill      XL: |  1  2  3  4  5 |
---------------+----------------+-----
Ranged Weapons | 4 5 6 |  6.0
Fighting       | 3 |  3.1
Dodging        | |  1.5
Stealth        | |  1.5

Action                     |  1- 3 |  4- 6 || total
---------------------------+-------+-------++-------
   Fire: Shortbow          |    58 |   144 ||   202
Ability: Spit Poison       |    28 |    19 ||    47
    Use: Scroll            |     2 |     5 ||     7
 Armour: Leather armour    |     1 |    18 ||    19
  Dodge: Dodged            |    11 |    43 ||    54

Table legend:
 A = Non-vault XP
 B = Vault XP
 C = Vault XP percentage of total XP
 D = Non-vault monster count
 E = Vault monster count
 F = Vault count percentage of total count
                 A         B        C        D         E       F
            +---------+---------+-------+---------+---------+-------
      Total |     227 |     103 |  31.2 |      62 |      17 |  21.5
            +---------+---------+-------+---------+---------+-------
        D:1 |      40 |       1 |   2.4 |      20 |       1 |   4.8
        D:2 |      62 |      36 |  36.7 |      21 |       1 |   4.5
        D:3 |      70 |       0 |   0.0 |      17 |       0 |   0.0
        D:4 |      55 |       2 |   3.5 |       4 |       2 |  33.3
    Ossuary |       0 |      64 | 100.0 |       0 |      13 | 100.0
            +---------+---------+-------+---------+---------+-------
